 Dungeon Crawl Stone Soup version 0.28.0-49-g6dfe1f597d (webtiles) character file.

Game seed: 1625836173119456306

60 Zeld the Ogre Mage (level 4, 0/44 HPs)
             Began as an Ogre Transmuter on May 19, 2022.
             Splashed by a jelly's acid (3 damage)
             ... on level 6 of the Dungeon.
             The game lasted 00:01:41 (2553 turns).

Zeld the Ogre Mage (Ogre Transmuter)                Turns: 2553, Time: 00:01:41

Health: 0/44       AC: -9    Str: 16    XL:     4   Next: 4%
Magic:  1/9        EV: 10    Int: 14    God:
Gold:   41         SH:  0    Dex:  9    Spells: 3/9 levels left

rFire   . . .      SeeInvis .     - Unarmed
rCold   . . .      Faith    .   (no shield)
rNeg    . . .      Spirit   .   a - +0 robe
rPois   .          Reflect  .   (helmet restricted)
rElec   .          Harm     .   (no cloak)
rCorr   .          Rampage  .   (gloves unavailable)
Will    .....                   (boots unavailable)
Stlth   +.........              (no amulet)
HPRegen 0.14/turn               (no ring)
MPRegen 0.11/turn               (no ring)

@: corroded, very slightly contaminated
A: large, unfitting armour, tough skin 1
a: no special abilities


You were on level 6 of the Dungeon.
You visited 1 branch of the dungeon, and saw 5 of its levels.

You collected 41 gold pieces.

Inventory:

Armour
 a - a +0 robe (worn)
Jewellery
 c - a ring of protection from cold
Scrolls
 d - a scroll of teleportation {unknown}
 g - a scroll of blinking {unknown}
Potions
 b - 2 potions of mutation {unknown}
 e - a potion of curing {unknown}
 f - a potion of resistance {unknown}
 h - a potion of flight {unknown}


   Skills:
 + Level 2.3 Fighting
 + Level 2.2 Dodging
 - Level 2.6 Unarmed Combat
 * Level 3.3 Spellcasting
 * Level 2.6 Transmutations


You had 3 spell levels left.
You knew the following spells:

 Your Spells              Type           Power      Damage    Failure   Level
a - Beastly Appendage     Tmut           18%        N/A       7%          1
b - Wereblood             Tmut           9%         N/A       11%         2
c - Spider Form           Tmut/Pois      6%         N/A       36%         3

Your spell library contained the following spells:

 Spells                   Type           Power      Damage    Failure   Level
 Ice Form                 Ice/Tmut       6%         N/A       77%         4


Dungeon Overview and Level Annotations

Branches:
Dungeon (6/15)
 Temple: D:4-7

Altars:


Innate Abilities, Weirdness & Mutations

You are too large for most types of armour.
You have tough skin. (AC +1)


Message History

The jelly barely misses you.
You completely miss the jelly. The jelly hits you.
You are splashed with acid!
Casting: Spider Form (quite dangerous; 36% risk of failure)
Confirm with . or Enter, or press ? or * to list all spells.
The spell is quite dangerous to miscast (36% risk of failure)!
Continue anyway?
You miscast Spider Form.
Nothing appears to happen.
The jelly hits you but does no damage.
Casting: Spider Form (quite dangerous; 36% risk of failure)
Confirm with . or Enter, or press ? or * to list all spells.
You miscast Beastly Appendage.
Nothing appears to happen.
The jelly barely misses you.
You hit the jelly. The acid corrodes you!
Your hands burn!
The jelly is lightly wounded.
The jelly completely misses you.
You hit the jelly but do no damage.
Your hands burn!
The jelly is lightly wounded.
The jelly hits you. The acid corrodes you!
You are splashed with acid!
The jelly barely misses you.
Your magical contamination has completely faded away.
There is a stone staircase leading up here.
The jelly hits you. The acid corrodes you!
You are splashed with acid!
You climb upwards.
The centaur shouts!
There is a stone staircase leading down here.
The centaur wields a +0 shortbow.
The centaur shoots an arrow.
The arrow barely misses you. The jelly misses you.
You climb downwards.
There is a stone staircase leading up here.
Casting: Beastly Appendage (safe; 7% risk of failure)
Confirm with . or Enter, or press ? or * to list all spells.
The spell is quite dangerous to miscast (36% risk of failure)!
Continue anyway?
You miscast Spider Form.
You are very lightly contaminated with residual magic.
Nothing appears to happen.
The jelly hits you.
* * * LOW HITPOINT WARNING * * *
You are splashed with acid!
* * * LOW HITPOINT WARNING * * *
Unknown command.
You hit the jelly but do no damage.
Your hands burn!
You die...

....##########
#.# ..... #.#
##.... #.#
#..... #.#
#.....J #.#
#....... #.#
#........ #.#
########.#
#@J......#
##########


You could see a jelly.

Vanquished Creatures
  An adder (D:2)
  2 dart slugs
  9 ball pythons
  5 endoplasms
  A giant cockroach (D:1)
  9 goblins
  3 hobgoblins
  4 bats
  3 frilled lizards
  A kobold (D:1)
  4 rats
42 creatures vanquished.

Notes
Turn   | Place    | Note
-------+----------+-------------------------------------------
     0 | D:1      | Zeld the Ogre Transmuter began the quest for the Orb.
     0 | D:1      | Reached XP level 1. HP: 19/19 MP: 3/3
    93 | D:1      | Reached XP level 2. HP: 22/27 MP: 3/5
   576 | D:1      | Found a faded altar of an unknown god.
  1030 | D:1      | Reached XP level 3. HP: 32/35 MP: 7/7
  1033 | D:1      | Learned a level 2 spell: Wereblood
  1037 | D:1      | Learned a level 3 spell: Spider Form
  1249 | D:1      | Reached skill level 3 in Spellcasting
  2087 | D:2      | Reached XP level 4. HP: 27/44 MP: 8/8
  2414 | D:3      | You fall into a shaft and drop 3 floors!
  2549 | D:5      | Entered Level 5 of the Dungeon
  2549 | D:5      | Noticed a centaur
  2553 | D:6      | Splashed by a jelly's acid

Illustrated notes

Levels and vault maps discovered:
D:1:      saegor_arrival_under_anarchy, layout_basic,
          chequers_ecumenical_altar_island
D:2:      layout_rooms
D:3:      layout_basic, uniq_sigmund
D:5:      layout_cave_pools, minmay_temple_entry_stoned_glass
D:6:      layout_basic, nzn_wu_jian_council_hall, mainiacjoe_overflow_boulevard

Skill      XL: |  1  2  3 |
---------------+----------+-----
Transmutations | 2 |  2.6
Dodging        | 2 |  2.2
Fighting       | 2 |  2.3
Spellcasting   | 3 |  3.3
Unarmed Combat | |  2.6

Action                   |  1- 3 |  4- 6 || total
-------------------------+-------+-------++-------
Melee: Unarmed           |   123 |    11 ||   134
       Kick              |    16 |       ||    16
       Headbutt          |     5 |       ||     5
       Punch             |     2 |       ||     2
 Cast: Beastly Appendage |    26 |     2 ||    28
 Stab: Sleeping          |     1 |       ||     1
Armor: Robe              |    48 |     2 ||    50
Dodge: Dodged            |    61 |    16 ||    77
